 Dungeon Crawl Stone Soup version 0.27.1-3-gb3d3a73c9e (webtiles) character file.

Game seed: 456700985997366019

80 barney the Changer (level 4, -2/52 HPs)
             Began as a Draconian Transmuter on Oct 6, 2021.
             Killed by divine providence
             ... invoked by an orc priest
              (15 damage)
             ... on level 3 of the Dungeon.
             The game lasted 00:01:40 (2222 turns).

barney the Changer (Draconian Transmuter)           Turns: 2222, Time: 00:01:41

Health: -2/52      AC: 22    Str: 13    XL:     4   Next: 18%
Magic:  7/7        EV:  2    Int: 14    God:
Gold:   126        SH:  0    Dex: 11    Spells: 6/7 levels left

rFire    . . .     SeeInvis .   m - +2 spear (vorpal)
rCold    . . .     Faith    .   (no shield)
rNeg     + + +     Spirit   .   (armour unavailable)
rPois    +         Reflect  .   (helmet currently unavailable)
rElec    .         Harm     .   (cloak currently unavailable)
rCorr    .         Rampage  .   (gloves currently unavailable)
Will     .....     NoTele   +   (boots currently unavailable)
Stlth    +.........             (no amulet)
HPRegen  0.17/turn              (no ring)
MPRegen  0.10/turn              (no ring)

@: tree-form
A: stationary, stasis, torment immunity, boosted hp, AC +5, unfitting armour,
(cold-blooded)
a: no special abilities


You were on level 3 of the Dungeon.
You were a tree.
You visited 1 branch of the dungeon, and saw 3 of its levels.

You collected 126 gold pieces.

Inventory:

Hand Weapons
 m - a +2 vorpal spear (weapon)
Armour
 d - a +0 pair of gloves (melded)
Jewellery
 o - a ring of ice
Wands
 i - a wand of charming (10)
Scrolls
 a - a scroll of noise
 f - a scroll of teleportation {unknown}
 g - 3 scrolls of identify {unknown}
 j - a scroll of magic mapping {unknown}
 l - a scroll of enchant armour {unknown}
 n - a scroll of acquirement {unknown}
Potions
 b - a potion of heal wounds {unknown}
 h - a potion of berserk rage {unknown}
 k - a potion of curing {unknown}


   Skills:
 - Level 1.1 Fighting
 - Level 1.7 Dodging
 - Level 3.0 Unarmed Combat
 - Level 2.0 Spellcasting
 + Level 4.5 Transmutations


You had 6 spell levels left.
You knew the following spells:

 Your Spells              Type           Power      Damage    Failure   Level
a - Beastly Appendage     Tmut           28%        N/A       3%          1

Your spell library contained the following spells:

 Spells                   Type           Power      Damage    Failure   Level
 Wereblood                Tmut           14%        N/A       5%          2
 Spider Form              Tmut/Pois      3%         N/A       28%         3
 Ice Form                 Ice/Tmut       7%         N/A       67%         4


Dungeon Overview and Level Annotations

Branches:
Dungeon (3/15)

Altars:


Innate Abilities, Weirdness & Mutations

You are a tree.
Your roots penetrate the ground, keeping you stationary.
You cannot be teleported.
You are immune to unholy pain and torment.
Your maximum health is greatly increased.
Your equipment is partially melded.
((Your plain brown scales are hard. (AC +5)))
You cannot fit into any form of body armour.
((You are cold-blooded and may be slowed by cold attacks.))


Message History

You hit the orc.
The orc is heavily wounded.
The orc hits you but does no damage. The orc hits you with a +0 whip.
You hit the orc but do no damage.
The orc is heavily wounded.
The orc hits you with a +0 hand axe. The orc hits you but does no damage.
Unknown command.
Okay, then.
Really quaff the potion of lignification?
You turn into a tree.
Your +0 pair of gloves melds into your body.
Your roots penetrate the ground.
The orc hits you but does no damage. x2
Unknown command.
You hit the orc.
You kill the orc!
The orc hits you but does no damage.
An orc priest comes into view. It is wielding a +0 mace.
You closely miss the orc. The orc hits you but does no damage.
An orc comes into view. It is wielding a +0 dagger.
The orc hits you but does no damage.
The orc shouts!
You hit the orc.
The orc is severely wounded.
The orc hits you but does no damage. The orc hits you with a +0 war axe.
The orc hits you but does no damage.
You hit the orc.
You kill the orc!
The orc hits you but does no damage.
The orc priest hits you but does no damage.
You hit the orc priest but do no damage.
The orc hits you but does no damage. The orc priest hits you with a +0 mace.
* * * LOW HITPOINT WARNING * * *
You hit the orc priest but do no damage.
The orc hits you but does no damage.
The orc priest hits you but does no damage.
You hit the orc priest but do no damage.
The orc hits you but does no damage.
The orc priest mumbles some strange prayers to Beogh against you.
Beogh smites you!
You die...

...........#.##
..........##.>##
...........†...##
..o.....)#...#..#
l..#....#..#.##.##
. #.####o##.##..#
... .. #..##.###.##
.....#####.#...#
#..## #
.....oo♣o..#.###
##..#.#
###<..######.#
##.#.# #..# .#
###...# ... .#
###.....# # ###
####.......# #..
##.....###..#
###.####..##..# #.#
#####...#<...###.##
.# .......<..####
..# .#


You could see an orc priest and 2 orcs.

Vanquished Creatures
  An iguana (D:3)
  3 gnolls (D:3)
  A worm (D:3)
  2 orcs (D:3)
  An endoplasm (D:2)
  A hobgoblin (D:1)
  3 jackals (D:2)
  2 quokkas (D:2)
  2 ball pythons (D:2)
  A bat (D:2)
  A kobold (D:2)
  6 rats
24 creatures vanquished.

Notes
Turn   | Place    | Note
-------+----------+-------------------------------------------
     0 | D:1      | barney the Draconian Transmuter began the quest for the
                  | Orb.
     0 | D:1      | Reached XP level 1. HP: 16/16 MP: 3/3
   121 | D:1      | Found a faded altar of an unknown god.
  1175 | D:2      | Reached XP level 2. HP: 22/23 MP: 3/5
  1547 | D:2      | Reached skill level 3 in Transmutations
  2158 | D:3      | Reached XP level 3. HP: 17/28 MP: 6/6
  2172 | D:3      | Reached skill level 4 in Transmutations
  2176 | D:3      | Reached XP level 4. HP: 21/35 MP: 7/7
  2222 | D:3      | Killed from afar by an orc priest

Illustrated notes

Levels and vault maps discovered:
D:1:      saegor_arrival_simple_c, layout_basic,
          ebering_ecumenical_altar_sacrificial, hangedman_decor_slide_cut
D:2:      layout_rooms, minmay_misc_feat_columns, kennysheep_generic_room_7
D:3:      layout_rooms

Skill      XL: |  1  2  3 |
---------------+----------+-----
Transmutations | 3 4 |  4.5
Fighting       | |  1.1
Dodging        | |  1.7
Unarmed Combat | |  3.0
Spellcasting   | |  2.0

Action                   |  1- 3 |  4- 6 || total
-------------------------+-------+-------++-------
Melee: Unarmed           |    42 |       ||    42
       Tailslap          |     7 |       ||     7
       Kick              |     4 |       ||     4
       Headbutt          |     4 |       ||     4
       Punch             |     2 |       ||     2
       Spear             |    31 |    10 ||    41
 Cast: Beastly Appendage |    13 |       ||    13
  Use: Scroll            |     2 |       ||     2
       Potion            |     1 |     1 ||     2
 Stab: Sleeping          |     1 |       ||     1
Armor: Skin              |    26 |    16 ||    42
Dodge: Dodged            |    41 |     1 ||    42
